[Event "*** Titled Tuesday Blitz"]
[Site "Chess.com"]
[Date "2021.03.09"]
[Round "3"]
[White "Witik"]
[Black "Tactictic"]
[Result "1-0"]
[WhiteElo "2613"]
[BlackElo "2416"]
[TimeControl "180+1"]
[EndTime "10:28:50 PST"]
[Termination "Witik won by checkmate"]

1. d4 Nf6 2. Bf4 d5 3. e3 c5 4. c3 Nc6 5. Nd2 e6 6. Bd3 Bd6 7. Bxd6 Qxd6 8. f4 Ne7 9. Ngf3 b6 10. Ne5 O-O 11. O-O Nf5 12. Qf3 Qc7 13. Qh3 a5 14. e4 dxe4 15. Nxe4 Nxe4 16. Bxe4 Bb7 17. Bxb7 Qxb7 18. dxc5 bxc5 19. b3 a4 20. g4 Ne7 21.
c4 axb3 22. axb3 Qe4 23. Rae1 Qd4+ 24. Qe3 Rfd8 25. h3 Qxe3+ 26. Rxe3 Ra2 27. Rf2 Rd1+ 28. Kg2 Rdd2 29. Rxd2 Rxd2+ 30. Kf3 f6 31. Rd3 Rb2 32. Rd8# 1-0

[Event "*** Titled Tuesday Blitz"]
[Site "Chess.com"]
[Date "2021.03.09"]
[Round "3"]
[White "manitodeplomo"]
[Black "Homyakova_Elena"]
[Result "0-1"]
[WhiteElo "2569"]
[BlackElo "2275"]
[TimeControl "180+1"]
[EndTime "10:28:50 PST"]
[Termination "Homyakova_Elena won on time"]

1. d4 Nf6 2. c4 c5 3. d5 b5 4. Qc2 d6 5. e4 g6 6. cxb5 a6 7. Nc3 Bg7 8. Nf3 O-O 9. a4 e6 10. dxe6 Bxe6 11. Be2 axb5 12. Bxb5 d5 13. exd5 Nxd5 14.
O-O Nb4 15. Qe4 N8a6 16. Rd1 Qb6 17. Bg5 Nc7 18. Be7 Rfb8 19. Qh4 Nxb5 20. axb5 Nc2 21. Rxa8 Rxa8 22. Bd8 Qb7 23. b6 Nd4 24. Nxd4 cxd4 25. Ne2 d3 26. Nc3 Bb3 27. Rxd3 Ra1+ 28. Nd1 Rxd1+ 0-1

[Event "*** Titled Tuesday Blitz"]
[Site "Chess.com"]
[Date "2021.03.09"]
[Round "3"]
[White "Vamostodorecto"]
[Black "HanSchut"]
[Result "0-1"]
[WhiteElo "2377"]
[BlackElo "2218"]
[TimeControl "180+1"]
[EndTime "10:28:50 PST"]
[Termination "HanSchut won by resignation"]

1. d4 Nf6 2. c4 g6 3. Nc3 d5 4. cxd5 Nxd5 5. e4 Nxc3 6. bxc3 Bg7 7. Nf3 c5 8. Be3 Qa5 9. Qd2 Nc6 10. Rb1 a6 11. Rc1 cxd4 12. cxd4 Qxd2+ 13. Kxd2 O-O 14. d5 Rd8 15. Bd3 Nb4 16. Bc4 e6 17. Bb6 Rd7 18. Rhd1 exd5 19. exd5 Nxd5 20. Bxd5 Rxd5+ 21. Ke3 Rxd1 22. Rxd1 Be6 23. a3 Rc8 24. Rd3 Bh6+ 25. Kd4 Rc4+ 26. Ke5 Bg7+ 27. Kd6 Rc6+ 28. Ke7 Bf8+ 29. Ke8 Rxb6 30.
Rd8 Bc4 31. Rb8 Bb5+ 32. Kd8 Re6 33. Rxb7 Bc6 34. Ra7 Bxf3 35. gxf3 Bxa3 36. Ra8 Kg7 37. Kd7 Bb4 38. Rxa6 Rxa6 0-1

[Event "*** Titled Tuesday Blitz"]
[Site "Chess.com"]
[Date "2021.03.09"]
[Round "3"]
[White "HackingKid98"]
[Black "swimmerchess"]
[Result "0-1"]
[WhiteElo "2454"]
[BlackElo "2768"]
[TimeControl "180+1"]
[EndTime "10:28:51 PST"]
[Termination "swimmerchess won by resignation"]

1. Nf3 d5 2. d4 Nf6 3. c4 e6 4. g3 c6 5. Bg2 dxc4 6. Ne5 b5 7. Nxc6 Qb6 8. Nxb8 Rxb8 9. O-O Bb7 10. Bxb7 Qxb7 11.
Nc3 Bd6 12. Bg5 Nd5 13. Ne4 Be7 14. Bxe7 Qxe7 15. e3 O-O 16. Qe2 e5 17. Rfd1 f5 18.
Nc3 Nb4 19. dxe5 Qxe5 20. Rd4 Nd3 21. Rd1 Rbd8 22. Rxd8 Rxd8 23. Qd2 Rd7 24. Ne2 Qe4 25. Nd4 Ne5 26. Qc3 Nf3+ 27. Kf1 Nxh2+ 28. Kg1 Nf3+ 29.
Kf1 Nxd4 30. Rxd4 Rxd4 31. exd4 Qd3+ 32. Qxd3 cxd3 33. Ke1 g5 34. Kd2 h5 35. Kxd3 Kf7 36.
f4 gxf4 37. gxf4 Ke6 38. Ke3 Kd5 39. b3 h4 0-1

[Event "*** Titled Tuesday Blitz"]
[Site "Chess.com"]
[Date "2021.03.09"]
[Round "3"]
[White "Trickster_Pony"]
[Black "mr65"]
[Result "0-1"]
[WhiteElo "1461"]
[BlackElo "2091"]
[TimeControl "180+1"]
[EndTime "10:28:51 PST"]
[Termination "mr65 won by resignation"]

1. c4 Nf6 2. g3 g6 3. Bg2 Bg7 4.
Nf3 O-O 5. O-O d6 6. d4 Nc6 7.
Nc3 a6 8. e3 Rb8 9. b3 b5 10.
Nd2 Bd7 11. cxb5 axb5 12. Bb2 b4 13. Nce4 e5 14. Nxf6+ Qxf6 15. dxe5 Nxe5 16. f4 Nf3+ 17. Nxf3 Qxb2 18. Nd4 c5 19. Rf2 Qc3 20. Nc2 Rfe8 21.
Rc1 Bf5 22. Qxd6 Bxc2 23. Rcxc2 Qxe3 24. Re2 Qd4 25. Qc7 Qd1+ 26. Rf1 Bd4+ 27. Kh1 Qxe2 28.
Rc1 Qe7 29. Qc6 Rbc8 30. Qf3 Qe3 31. Qf1 Bc3 32. Rd1 Qe1 33. Rxe1 Rxe1 34. Qxe1 Bxe1 35. Bc6 0-1

[Event "*** Titled Tuesday Blitz"]
[Site "Chess.com"]
[Date "2021.03.09"]
[Round "3"]
[White "rynos0411"]
[Black "QuintilianoR"]
[Result "0-1"]
[WhiteElo "2443"]
[BlackElo "2699"]
[TimeControl "180+1"]
[EndTime "10:28:52 PST"]
[Termination "QuintilianoR won on time"]

1. e4 c5 2. c3 Nf6 3. e5 Nd5 4. d4 cxd4 5. Nf3 e6 6. cxd4 d6 7. Nc3 Nc6 8. Bb5 Be7 9. O-O O-O 10. Nxd5 exd5 11. Be3 Bg4 12. h3 Bh5 13. Rc1 Qb6 14.
Bxc6 bxc6 15. exd6 Bxd6 16. b3 f6 17. g4 Bf7 18.
Nh4 Rfc8 19. Nf5 Bf8 20. Qd2 a5 21. Rc2 a4 22. Rb1 axb3 23. axb3 Bb4 24. Qc1 Ra6 25. Kh1 Qb7 26. Bd2 Ba3 27. Qd1 Rb6 28. Qf3 Bf8 29.
Bf4 Rd8 30. g5 fxg5 31. Bxg5 Re8 32. Be3 Bg6 33. Rg1 Qf7 34. Rg5 h6 35. Rxg6 Qxg6 36. Rc1 Kh7 37. Rg1 Qe6 38. Qh5 g6 0-1

[Event "*** Titled Tuesday Blitz"]
[Site "Chess.com"]
[Date "2021.03.09"]
[Round "3"]
[White "pfalcon1949"]
[Black "Mbneu"]
[Result "0-1"]
[WhiteElo "2036"]
[BlackElo "2300"]
[TimeControl "180+1"]
[EndTime "10:28:52 PST"]
[Termination "Mbneu won on time"]

1. c4 Nf6 2. Nc3 e6 3. e4 d5 4. e5 Ne4 5. Bd3 Nc5 6. Be2 d4 7. Nb5 a6 8. Na3 d3 9. Bf3 Nc6 10. Bxc6+ bxc6 11. Nf3 Be7 12. b3 O-O 13. Bb2 Ne4 14. O-O c5 15. Re1 Bb7 16. Nb1 f5 17. Nc3 Bg5 18. Nxe4 fxe4 19. Nxg5 Qxg5 20. Re3 Qf4 21.
Qe1 Rf5 22. Rg3 Raf8 23. Ba3 Qxf2+ 24. Qxf2 Rxf2 25. Bxc5 Rxd2 26. Bxf8 Kxf8 27. Rf1+ Kg8 28. h4 Re2 29. Rd1 Rxa2 30. h5 h6 31. Re3 Rb2 32. Kh2 Rxb3 33. Kg3 Rb2 34. Ree1 a5 35. Rf1 a4 36.
Ra1 e3 0-1

[Event "*** Titled Tuesday Blitz"]
[Site "Chess.com"]
[Date "2021.03.09"]
[Round "3"]
[White "fabianvivasz"]
[Black "niki_2003"]
[Result "0-1"]
[WhiteElo "2284"]
[BlackElo "2050"]
[TimeControl "180+1"]
[EndTime "10:28:52 PST"]
[Termination "niki_2003 won on time"]

1. e4 c6 2. d4 d5 3. e5 Bf5 4. Nf3 e6 5. Be2 Ne7 6. O-O c5 7. Be3 Nec6 8. dxc5 Nd7 9. Nd4 Bg6 10. Nxc6 bxc6 11.
b4 Nxe5 12. f4 Nd7 13. Bd4 Nf6 14. Nd2 Be7 15. g4 h6 16. h3 O-O 17. Nf3 Ne4 18. Ne5 Ng3 19. Rf2 Nxe2+ 20. Qxe2 Qc7 21. f5 exf5 22. gxf5 Bh7 23. Rg2 Bf6 24. Nxc6 Qxc6 25. Bxf6 Qxf6 26. Rf1 Rfe8 27. Qf3 Re4 28. Kh1 Rae8 29.
Rfg1 g5 30. Qd3 Rd4 31. Qb5 Bxf5 0-1

[Event "*** Titled Tuesday Blitz"]
[Site "Chess.com"]
[Date "2021.03.09"]
[Round "3"]
[White "Rap_woyska"]
[Black "slavenok"]
[Result "0-1"]
[WhiteElo "2495"]
[BlackElo "2734"]
[TimeControl "180+1"]
[EndTime "10:28:53 PST"]
[Termination "slavenok won by resignation"]

1. c4 c5 2. Nf3 Nc6 3. Nc3 e5 4. e3 Nf6 5. d4 exd4 6. exd4 cxd4 7. Nxd4 Be7 8. Be2 O-O 9. O-O d5 10. Nxc6 bxc6 11. cxd5 Nxd5 12. Nxd5 cxd5 13. Bf3 Be6 14. Be3 Bf6 15. Bd4 Rc8 16. Qd3 a5 17. Rac1 Qe7 18.
Rfe1 Rfd8 19. b3 h6 20. Bb6 Rxc1 21. Rxc1 Rb8 22. Bxa5 Qa3 23. Bd2 Qxa2 24. b4 Qb2 25.
Rb1 Qa2 26. b5 d4 27. b6 Bc4 28. Qe4 Qxd2 29. b7 Bd3 30. Qe1 Qxe1+ 31. Rxe1 Ba6 32.
Ra1 Rxb7 33. Bxb7 Bxb7 34. Kf1 d3 35. Ra3 d2 36. Ke2 Bg5 37. g3 Bd5 38. f4 Be7 39.
Re3 Bb4 40. Re8+ Kh7 41. Rd8 Bc4+ 42. Ke3 Bb3 0-1

[Event "*** Titled Tuesday Blitz"]
[Site "Chess.com"]
[Date "2021.03.09"]
[Round "3"]
[White "korkmaz16"]
[Black "Abund"]
[Result "0-1"]
[WhiteElo "2429"]
[BlackElo "2646"]
[TimeControl "180+1"]
[EndTime "10:28:53 PST"]
[Termination "Abund won by resignation"]

1. e4 c5 2. Nf3 d6 3. Bb5+ Nd7 4. d4 cxd4 5. Qxd4 a6 6. Bxd7+ Bxd7 7. O-O Nf6 8. Re1 g6 9. Qd3 Bg7 10. a4 O-O 11. c4 Bg4 12. Nfd2 Nd7 13. Nc3 Rc8 14. b3 b5 15. Bb2 Ne5 16. Qf1 bxc4 17. bxc4 Bd7 18.
Nd5 e6 19. Ne3 Qb6 20. Reb1 Qa7 21. Ba3 Qc7 22. Ra2 Rb8 23. Rc1 Rfc8 24. f4 Nc6 25. Nf3 Nd4 26. Nd2 Nb3 27. Nxb3 Rxb3 28. Qe1 Bd4 29.
Re2 Rxa3 0-1

[Event "*** Titled Tuesday Blitz"]
[Site "Chess.com"]
[Date "2021.03.09"]
[Round "3"]
[White "iturrizaga"]
[Black "Nikolakis2014"]
[Result "1-0"]
[WhiteElo "2840"]
[BlackElo "2598"]
[TimeControl "180+1"]
[EndTime "10:28:54 PST"]
[Termination "iturrizaga won by resignation"]

1. c4 Nf6 2. g3 g6 3. Bg2 Bg7 4. Nc3 O-O 5. d4 d6 6. e4 Nbd7 7. Nge2 e5 8. O-O exd4 9. Nxd4 Re8 10. Be3 a6 11. a4 Nc5 12. f3 h5 13. b4 Ne6 14.
Nb3 h4 15. Rc1 Nh5 16. Qe1 hxg3 17. hxg3 a5 18. b5 c6 19. f4 Nf6 20. Bf3 Bd7 21.
Qd2 Qe7 22. Rfd1 Bf8 23. e5 dxe5 24. fxe5 Ng7 25. exf6 Qxe3+ 26. Qxe3 Rxe3 27. fxg7 Bxg7 28. Kf2 Rae8 29. Rxd7 Bxc3 30. Nc5 Bb4 31. Nxb7 cxb5 32. cxb5 Rb3 33. Rc2 Ree3 34. Bd5 Be1+ 35. Kf1 Bxg3 36.
Bxb3 1-0

[Event "*** Titled Tuesday Blitz"]
[Site "Chess.com"]
[Date "2021.03.09"]
[Round "3"]
[White "Mazetovic"]
[Black "Atco84"]
[Result "1-0"]
[WhiteElo "2669"]
[BlackElo "2433"]
[TimeControl "180+1"]
[EndTime "10:28:54 PST"]
[Termination "Mazetovic won by resignation"]

1. e4 c5 2. Nf3 d6 3. Bb5+ Nd7 4. c3 a6 5. Ba4 Nf6 6. Qe2 e5 7. O-O Be7 8. d4 O-O 9. dxe5 Nxe5 10.
Nxe5 dxe5 11. Rd1 Qc7 12. Nd2 b5 13. Bc2 Be6 14. Nf1 h6 15. Ne3 Rfd8 16. Nf5 Rxd1+ 17. Qxd1 Rd8 18. Qf3 Qd7 19. Nxe7+ Qxe7 20. Be3 b4 21. h3 bxc3 22. bxc3 Kh7 23. Qe2 c4 24. Qe1 Qa3 25. Bc1 Qc5 26. a4 Nh5 27. Be3 Qc6 28. Rb1 Rd6 29.
Rb6 Qd7 30. a5 Rxb6 31. axb6 Nf6 32. Qa1 Qb7 33. Qa5 Nd7 34. f3 f6 35. Ba4 Kg6 36. Qb4 Kf7 37. Qd6 h5 38. g4 hxg4 39. hxg4 g5 40. Kf2 Qb8 41. Qc6 Nf8 42. Qc7+ Qxc7 43. bxc7 Bc8 44. Bc6 Ne6 45. Bd5 Ke7 46. Bb6 Kd6 47.
Bxc4 Nxc7 48. Ba5 Be6 49. Bxc7+ 1-0

[Event "*** Titled Tuesday Blitz"]
[Site "Chess.com"]
[Date "2021.03.09"]
[Round "3"]
[White "Oglob71"]
[Black "Love_craft"]
[Result "1-0"]
[WhiteElo "2388"]
[BlackElo "2543"]
[TimeControl "180+1"]
[EndTime "10:28:54 PST"]
[Termination "Oglob71 won on time"]

1. d4 Nf6 2. Nf3 g6 3. c4 Bg7 4.
Nc3 d6 5. Bg5 O-O 6. e3 Nbd7 7.
h3 c6 8. Qc2 a6 9. a3 b5 10.
Rd1 Bb7 11. c5 dxc5 12. dxc5 Qc7 13. b4 Rfd8 14. Be2 a5 15. O-O axb4 16. axb4 h6 17. Bf4 e5 18. Bh2 Ne8 19. Qb3 Nf8 20. Ne4 Ne6 21.
Nfd2 Rd5 22. Nc3 Rd7 23. Nde4 Rad8 24. Rxd7 Rxd7 25. Rd1 Rxd1+ 26. Qxd1 Bf8 27. Qb3 Bc8 28. Nd2 f6 29. Bd3 Kg7 30. Qc2 f5 31. g4 Ng5 32. gxf5 Nxh3+ 33. Kf1 Qe7 34. Nde4 Bxf5 35. Ng3 Bxd3+ 36. Qxd3 Ng5 37. Nge4 Nxe4 38. Nxe4 Nf6 39. Nd6 e4 40. Qd4 Qe6 41. Be5 1-0

[Event "*** Titled Tuesday Blitz"]
[Site "Chess.com"]
[Date "2021.03.09"]
[Round "3"]
[White "CzechmVIII"]
[Black "ChainsOfFantasia"]
[Result "1-0"]
[WhiteElo "2253"]
[BlackElo "2452"]
[TimeControl "180+1"]
[EndTime "10:28:54 PST"]
[Termination "CzechmVIII won by resignation"]

1. e4 Nf6 2. e5 Nd5 3. d4 d6 4. Nf3 g6 5. Bc4 Nb6 6. Bb3 Bg7 7. Ng5 O-O 8. f4 d5 9. O-O f6 10. Nf3 fxe5 11. fxe5 Nc6 12. c3 Na5 13. Bc2 Bf5 14. Bxf5 Rxf5 15. Ng5 Qd7 16. Rxf5 Qxf5 17. Qf3 Rf8 18.
Qxf5 Rxf5 19. Ne6 c6 20. Bg5 Kf7 21. Nd8+ Ke8 22. Ne6 Bh8 23. g4 Rf7 24. Nd2 Nac4 25. Nxc4 dxc4 26. Nc5 Nd5 27. Nxb7 Rf3 28. Rf1 Rd3 29.
Nc5 Rh3 30. Kg2 Ne3+ 31. Kxh3 Nxf1 32. Kg2 1-0

[Event "*** Titled Tuesday Blitz"]
[Site "Chess.com"]
[Date "2021.03.09"]
[Round "3"]
[White "BilodeauA"]
[Black "Skatchkov_V"]
[Result "1-0"]
[WhiteElo "2907"]
[BlackElo "2625"]
[TimeControl "180+1"]
[EndTime "10:28:55 PST"]
[Termination "BilodeauA won on time"]

1. e4 e5 2. Nf3 d5 3. Nxe5 Bd6 4. d4 dxe4 5. Nc4 Nc6 6. c3 Nf6 7. Nxd6+ Qxd6 8. Be2 O-O 9. O-O Nd5 10. Na3 Qg6 11.
Kh1 Bf5 12. Nc4 Rae8 13. a4 Kh8 14. Bh5 Qf6 15. Ne3 Nf4 16. Nxf5 Qxf5 17. Bg4 Qf6 18. Be3 Ne7 19. Qd2 Neg6 20. g3 Nd5 21. c4 Nxe3 22. fxe3 Qg5 23. Bf5 c5 24. Bxg6 fxg6 25. d5 Rf3 26. d6 Rd8 27. Rxf3 exf3 28. Rf1 Qg4 29. Qd5 1-0

[Event "*** Titled Tuesday Blitz"]
[Site "Chess.com"]
[Date "2021.03.09"]
[Round "3"]
[White "Fighter008"]
[Black "Jan1401"]
[Result "1-0"]
[WhiteElo "2618"]
[BlackElo "2420"]
[TimeControl "180+1"]
[EndTime "10:28:57 PST"]
[Termination "Fighter008 won by resignation"]

1. e4 e6 2. d4 d5 3. Bd3 dxe4 4. Bxe4 Nf6 5. Bf3 Nbd7 6. Nc3 Bd6 7. Bg5 e5 8. Nge2 O-O 9. Qd2 Re8 10. O-O-O e4 11.
Nxe4 Nxe4 12. Bxe4 f6 13. Bd5+ Kh8 14. Bh4 Nb6 15.
Bb3 a5 16. a3 a4 17. Ba2 Be6 18. d5 Bf7 19. Bg3 Qe7 20. Bxd6 cxd6 21. Nc3 Qc7 22.
Rhe1 Qc5 23. Ne4 Qc7 24. Qc3 Qd8 25. Qb4 Bg6 26. Nxd6 Rxe1 27. Rxe1 Qc7 28. c3 Rd8 29. Nb5 Qxh2 30. Qe7 Qb8 31. Qc7 Qxc7 32. Nxc7 h5 33. c4 Nd7 34. Ne6 Rc8 35. Kd2 Bf7 36. f4 Nb6 37. c5 Nd7 38. f5 Kg8 39. d6 Ne5 40.
Rxe5 fxe5 41. d7 Bxe6 42. Bxe6+ Kf8 1-0

[Event "*** Titled Tuesday Blitz"]
[Site "Chess.com"]
[Date "2021.03.09"]
[Round "3"]
[White "Funo09"]
[Black "djano"]
[Result "1-0"]
[WhiteElo "2728"]
[BlackElo "2468"]
[TimeControl "180+1"]
[EndTime "10:28:58 PST"]
[Termination "Funo09 won on time"]

1. e4 e5 2. Nf3 Nc6 3. Bb5 a6 4. Ba4 Nf6 5. O-O Be7 6. Re1 b5 7. Bb3 O-O 8. c3 d5 9. exd5 Nxd5 10. Nxe5 Nxe5 11. Rxe5 c6 12. d4 Bd6 13. Re1 Qh4 14.
g3 Qh3 15. Re4 g5 16. Qf1 Qh5 17. Nd2 f5 18. Bd1 Qg6 19. Re1 f4 20. Ne4 Bc7 21.
Bd2 Bf5 22. Qg2 Rae8 23. Nc5 a5 24. Bb3 Rd8 25. a4 bxa4 26. Bxa4 fxg3 27. fxg3 Bg4 28. Rf1 Rfe8 29. Rae1 Kg7 30. Bc1 Kh6 31. Bc2 Qd6 32. Ne4 Rxe4 33. Qxe4 Nf6 34. Rxf6+ 1-0

[Event "*** Titled Tuesday Blitz"]
[Site "Chess.com"]
[Date "2021.03.09"]
[Round "3"]
[White "OlifantCZ"]
[Black "Margency"]
[Result "0-1"]
[WhiteElo "2293"]
[BlackElo "2700"]
[TimeControl "180+1"]
[EndTime "10:28:58 PST"]
[Termination "Margency won by resignation"]

1. c4 Nf6 2. g3 g6 3. Bg2 Bg7 4. Nc3 O-O 5. e4 d6 6. Nge2 c5 7. O-O Nc6 8. d3 Ne8 9. Be3 Nd4 10. Bxd4 cxd4 11. Nb5 e5 12. h3 a6 13. Na3 Bd7 14.
f4 b5 15. b3 Rc8 16. f5 Bh6 17. Nc2 bxc4 18. dxc4 a5 19. Nc1 Bc6 20. Nd3 Nf6 21.
Qe2 Qb6 22. g4 Qb7 23. Rae1 Nd7 24. h4 Rfe8 25. fxg6 hxg6 26. g5 Bg7 27. h5 Nc5 28. Nxc5 dxc5 29. Qf3 Qe7 30. h6 Bf8 31. Qg3 Kh7 32. Rd1 Rc7 33. Ne1 Bd7 34. Nd3 Bc8 35.
Rd2 Rc6 36. Rdf2 Rc7 37. Rxf7+ Qxf7 38. Rxf7+ Rxf7 39. Bh3 Bb7 40. Be6 Rxe6 41. a3 Bxe4 42. Nxe5 Bd6 43. Qg4 Rxe5 44. Qc8 Rxg5+ 0-1

[Event "*** Titled Tuesday Blitz"]
[Site "Chess.com"]
[Date "2021.03.09"]
[Round "3"]
[White "Hongjin"]
[Black "thisunaa"]
[Result "1-0"]
[WhiteElo "2486"]
[BlackElo "2000"]
[TimeControl "180+1"]
[EndTime "10:28:58 PST"]
[Termination "Hongjin won by checkmate"]

1. Nf3 Nf6 2. g3 g6 3. Bg2 Bg7 4. O-O O-O 5. c4 d6 6. Nc3 c5 7. d4 Nc6 8. d5 Na5 9. Nd2 Rb8 10.
Qc2 e6 11. e4 exd5 12. Nxd5 Nxd5 13. cxd5 b5 14. Rb1 b4 15. b3 Ba6 16. Re1 Rc8 17. Bb2 Re8 18. Bxg7 Kxg7 19. f4 Qf6 20. e5 dxe5 21. Ne4 Qf5 22. Qb2 Red8 23. fxe5 c4 24. bxc4 Nxc4 25. Qd4 Qxe5 26. Qxa7 Ra8 27. Qf2 Qxd5 28.
Qf6+ Kg8 29. Qh4 Qd4+ 30. Kh1 Rac8 31. Nf6+ Kg7 32. Qxh7+ Kxf6 33. Rf1+ Ke6 34. Qxf7+ Kd6 35. Rbd1 Nd2 36. Rf6+ Kc5 37. Rxa6 Rf8 38. Qe7+ Kb5 39. Qb7+ Kc4 40. Rc6+ Kd3 41. Qb5+ Ke3 42. Re1+ Kf2 43. Qe2# 1-0

[Event "*** Titled Tuesday Blitz"]
[Site "Chess.com"]
[Date "2021.03.09"]
[Round "3"]
[White "Steegersee"]
[Black "anon481216"]
[Result "0-1"]
[WhiteElo "2237"]
[BlackElo "2506"]
[TimeControl "180+1"]
[EndTime "10:28:59 PST"]
[Termination "anon481216 won by resignation"]

1. d4 d5 2. c4 dxc4 3. Nf3 Nf6 4. e3 e6 5. Bxc4 a6 6. O-O c5 7.
Bb3 Nc6 8. a4 cxd4 9. exd4 Be7 10. Nc3 Nb4 11. Bg5 O-O 12. Qe2 Bd7 13. Rfd1 Bc6 14.
Ne5 Nfd5 15. Bxe7 Qxe7 16. Nxc6 bxc6 17. Rac1 a5 18. Ne4 Rab8 19. Nc5 Qg5 20. g3 Rfd8 21. Qe5 Qg6 22. Kg2 h6 23. h4 Qf6 24. f4 Qxe5 25.
dxe5 Ne3+ 26. Kh3 Nxd1 27. Bxd1 Rd2 28. b3 Nd3 29. Nxd3 Rxd3 30. Be2 Rdxb3 31. Rxc6 g6 32.
Bb5 Rd8 33. Rc7 h5 34. Rc6 Rd2 35. Rc8+ Kg7 36. Rc7 Rbb2 37. g4 Rb3+ 0-1

[Event "*** Titled Tuesday Blitz"]
[Site "Chess.com"]
[Date "2021.03.09"]
[Round "3"]
[White "PushingpawnsNYC"]
[Black "OMGCovid-19"]
[Result "1-0"]
[WhiteElo "2310"]
[BlackElo "2073"]
[TimeControl "180+1"]
[EndTime "10:28:59 PST"]
[Termination "PushingpawnsNYC won on time"]

1. e4 e6 2. d4 d5 3. Bd3 Nf6 4. e5 Nfd7 5. f4 c5 6. c3 Nc6 7. Nf3 cxd4 8. cxd4 Be7 9. O-O g6 10. Nc3 a5 11. Be3 a4 12. Kh1 a3 13. b3 Nb4 14.
Bb1 Nb6 15. Ng5 Bd7 16. g4 Qc7 17. Qd2 Rc8 18. Ne2 Bb5 19. Rc1 Qxc1+ 20. Nxc1 O-O 21. Nd3 Nc6 22. Nc5 Bxc5 23. dxc5 Nd7 24. b4 d4 25. Bxd4 Rfd8 26. Qf2 Nxd4 27. Qxd4 Nxc5 28. Qe3 Rd1+ 29. Kg2 Nd3 30. Bxd3 Rxa1 31. Bxb5 Rxa2+ 32. Kh3 Rcc2 33. Qb6 Rxh2+ 34. Kg3 Rag2+ 35. Kf3 a2 36. Qd8+ 1-0

[Event "*** Titled Tuesday Blitz"]
[Site "Chess.com"]
[Date "2021.03.09"]
[Round "3"]
[White "eljanov"]
[Black "Nf3c5"]
[Result "1-0"]
[WhiteElo "2856"]
[BlackElo "2604"]
[TimeControl "180+1"]
[EndTime "10:29:00 PST"]
[Termination "eljanov won by resignation"]

1. c4 c5 2. g3 g6 3. Bg2 Bg7 4. Nc3 Nc6 5. Nf3 d6 6. O-O Be6 7. d3 Qc8 8. Ng5 Bd7 9. Re1 h6 10. Nf3 Bh3 11. Bh1 h5 12. Ng5 h4 13. Nxh3 hxg3 14. Bg2 Rxh3 15. hxg3 Rh7 16. Rb1 Nf6 17.
a3 Ng4 18. Nd5 Qf5 19. Nf4 O-O-O 20. b4 cxb4 21. axb4 Rdh8 22. Qa4 g5 23. b5 Nd8 24. Qxa7 gxf4 25. Bxf4 Rh2 26. e4 Qh5 27. Kf1 Rxg2 28. Kxg2 Qh2+ 29. Kf3 Qxf2+ 30. Qxf2 1-0

[Event "*** Titled Tuesday Blitz"]
[Site "Chess.com"]
[Date "2021.03.09"]
[Round "3"]
[White "eldur16"]
[Black "Matensien"]
[Result "1-0"]
[WhiteElo "2569"]
[BlackElo "2377"]
[TimeControl "180+1"]
[EndTime "10:29:00 PST"]
[Termination "eldur16 won by resignation"]

1. Nf3 Nf6 2. g3 g6 3. b4 Bg7 4.
Bb2 O-O 5. Bg2 b6 6. O-O Bb7 7. c4 d6 8. d3 e5 9. Nc3 Nbd7 10.
e4 Re8 11. Nd2 c6 12. a4 Nf8 13. b5 cxb5 14. axb5 a6 15. bxa6 Bxa6 16. f4 Ne6 17. f5 Nd4 18. Ne2 Nxe2+ 19. Qxe2 b5 20. cxb5 Bxb5 21.
Rxa8 Qxa8 22. Ra1 Qb7 23. Nf3 Bxd3 24. Qxd3 Qxb2 25. Rb1 Qa2 26. fxg6 hxg6 27. Rb7 Qa1+ 28. Bf1 d5 29. Ng5 dxe4 30. Qb3 Qd4+ 31. Kh1 Nd5 32. Bc4 Qa1+ 33. Kg2 Ne3+ 34. Qxe3 Bh6 35. Bxf7+ Kh8 36. Bxe8 1-0

[Event "*** Titled Tuesday Blitz"]
[Site "Chess.com"]
[Date "2021.03.09"]
[Round "3"]
[White "malakismayil"]
[Black "NikolaN98"]
[Result "0-1"]
[WhiteElo "2285"]
[BlackElo "2516"]
[TimeControl "180+1"]
[EndTime "10:29:01 PST"]
[Termination "NikolaN98 won on time"]

1. e4 e6 2. d4 d5 3. Nd2 Nf6 4. e5 Nfd7 5. Bd3 c5 6. c3 Nc6 7. Ne2 cxd4 8. cxd4 f6 9. exf6 Nxf6 10. Nf3 Bd6 11. Bf4 Bxf4 12. Nxf4 Qa5+ 13. Qd2 Qxd2+ 14. Kxd2 O-O 15. g3 Ne4+ 16. Ke3 g5 17. Ne2 Nxf2 18. Nxg5 Nxh1 19. Bxh7+ Kg7 20. Rxh1 e5 21. dxe5 Nxe5 22. Nf4 Ng4+ 23. Kd4 Kh6 24. h4 Bd7 25. Bd3 Nf2 26.
Re1 Nxd3 27. Kxd3 Bf5+ 28. Kd4 Rac8 29. Nxd5 Rc2 30. Ne3 Rxb2 31. Nxf5+ Rxf5 32. Re6+ Kh5 33. Ke4 Ra5 34. Re7 Re2+ 35. Kf3 Rxe7 0-1

[Event "*** Titled Tuesday Blitz"]
[Site "Chess.com"]
[Date "2021.03.09"]
[Round "3"]
[White "Iball95"]
[Black "kubal123"]
[Result "1-0"]
[WhiteElo "2650"]
[BlackElo "2281"]
[TimeControl "180+1"]
[EndTime "10:29:01 PST"]
[Termination "Iball95 won by resignation"]

1. e4 g6 2. d4 Bg7 3. Nf3 d6 4. Bc4 a6 5. a4 b6 6. O-O Bb7 7. Nbd2 Nf6 8. Re1 O-O 9. Bb3 Nbd7 10. c3 e5 11. d5 Nh5 12. Nf1 Nc5 13. Bc2 Qe7 14. Ng3 Nf4 15. b4 Nd7 16. Ne2 Rac8 17. Ra3 Nxe2+ 18. Qxe2 Rfd8 19. Bg5 f6 20. Be3 Nf8 21.
c4 c5 22. bxc5 dxc5 23. Rb3 Nd7 24. a5 b5 25. cxb5 c4 26. Rbb1 axb5 27. Rxb5 Ba6 28. Rbb1 Nc5 29. Rb6 Rd6 30. Reb1 Nd3 31. g3 Ra8 32.
Nd2 f5 33. Nxc4 Bxc4 34. Bxd3 Bxd3 35. Qxd3 Rxa5 36. Rb8+ Rd8 37. Rxd8+ Qxd8 38. Bb6 fxe4 39. Bxd8 exd3 40. Bxa5 1-0

[Event "*** Titled Tuesday Blitz"]
[Site "Chess.com"]
[Date "2021.03.09"]
[Round "3"]
[White "Vanina1989"]
[Black "Kretov_Evgenij"]
[Result "1-0"]
[WhiteElo "2758"]
[BlackElo "2521"]
[TimeControl "180+1"]
[EndTime "10:29:03 PST"]
[Termination "Vanina1989 won by resignation"]

1. d4 Nf6 2. c4 c5 3. d5 e5 4. Nc3 d6 5. e4 Be7 6. Bd3 O-O 7. Nge2 Ne8 8. O-O Bg5 9. Ng3 Nd7 10.
Rb1 Bxc1 11. Qxc1 g6 12. a3 Ng7 13. b4 a5 14. b5 Qh4 15. Qc2 Nb6 16. Rbe1 f5 17.
exf5 gxf5 18. f4 e4 19. Be2 Bd7 20. Nd1 Rf6 21. Rf2 Rh6 22. Nf1 Qf6 23. Nde3 Kf7 24. g3 Rg8 25. Rg2 Ke8 26. g4 fxg4 27. Qxe4+ Kd8 28.
Bxg4 Rg6 29. Bxd7 Rxg2+ 30. Nxg2 Nxd7 31. Qxh7 Re8 32. Rxe8+ Nxe8 33. Qh4 Nb6 34. Nfe3 Qxh4 35. Nxh4 Nf6 36. Nhf5 Ne4 37. h4 Ke8 38. Kg2 Kf7 39.
h5 Kf6 40. Kh3 Nxc4 41. h6 Nxe3 42. h7 Nf2+ 43. Kh2 Neg4+ 44. Kg3 Kxf5 45. h8=Q Ke4 46. Qc8 Kxd5 47. Qxb7+ Kc4 48. b6 1-0

[Event "*** Titled Tuesday Blitz"]
[Site "Chess.com"]
[Date "2021.03.09"]
[Round "3"]
[White "DarZay"]
[Black "ridnani2021"]
[Result "1-0"]
[WhiteElo "2189"]
[BlackElo "2338"]
[TimeControl "180+1"]
[EndTime "10:29:03 PST"]
[Termination "DarZay won by resignation"]

1. e4 c5 2. Nf3 d6 3. d4 cxd4 4. Nxd4 Nf6 5. Nc3 a6 6. f3 e5 7.
Nb3 Be6 8. Be3 Nbd7 9. Qd2 Be7 10. Nd5 Nxd5 11. exd5 Bf5 12. Na5 Qc7 13. g4 Bg6 14.
Be2 Bd8 15. Nb3 Qxc2 16. O-O Qxd2 17. Nxd2 O-O 18. Ne4 Be7 19. Rac1 Rfc8 20. Kg2 Nf6 21. Nxf6+ Bxf6 22. Kg3 h5 23. g5 Be7 24. h4 f6 25. f4 exf4+ 26. Bxf4 fxg5 27. hxg5 Be4 28. Bxh5 Bxd5 29. Rfe1 Bf8 30. b3 Bf7 31. g6 Bd5 32. Rcd1 Rc3+ 33. Kh4 Bg2 34. Bg4 d5 35. Be6+ Kh8 36.
Bf7 Be4 37. Kg4 Bf3+ 38. Kf5 Bc5 39. Rh1+ 1-0

[Event "*** Titled Tuesday Blitz"]
[Site "Chess.com"]
[Date "2021.03.09"]
[Round "3"]
[White "Korona_91"]
[Black "ShahMatKanal"]
[Result "0-1"]
[WhiteElo "2465"]
[BlackElo "2494"]
[TimeControl "180+1"]
[EndTime "10:29:04 PST"]
[Termination "ShahMatKanal won by resignation"]

1. e4 c6 2. d4 d5 3. e5 Bf5 4. Nd2 e6 5. Nb3 Nd7 6. h4 h5 7. Be2 g6 8. Bg5 Be7 9. Nf3 Rc8 10. Rc1 a6 11. O-O Bxg5 12. Nxg5 Nh6 13. Nc5 Nxc5 14. dxc5 f6 15. exf6 Qxf6 16. c4 O-O 17. Qb3 Rc7 18.
cxd5 exd5 19. Qg3 Re7 20. Bf3 Bg4 21. Rfe1 Rfe8 22. Rxe7 Rxe7 23. b4 Kg7 24. Qd6 Bxf3 25. Qxf6+ Kxf6 26. Nxf3 Re2 27. Re1 Rxa2 28. Ng5 Ng4 29.
Re6+ Kf5 30. g3 Nxf2 31. Re7 Ne4 32. Rf7+ Kg4 33. Nxe4 dxe4 34. Rf4+ Kxg3 35. Rxe4 Ra1+ 0-1